 Dungeon Crawl Stone Soup version 0.25-a0-591-g2ad0d86 (webtiles) character file.

Game seed: 17369917576100337263, levelgen mode: deterministic

8 Scootsishere the Magician (level 2, 0/20 HPs)
             Began as a Draconian Wizard on Mar 13, 2020.
             Slain by a goblin
             ... wielding a +0 dagger
              (3 damage)
             ... on level 1 of the Dungeon.
             The game lasted 00:02:16 (290 turns).

Scootsishere the Magician (Draconian Wizard)         Turns: 290, Time: 00:02:17

Health: 0/20       AC:  4    Str:  9    XL:     2   Next: 0%
Magic:  0/6        EV: 12    Int: 18    God:
Gold:   0          SH:  0    Dex:  9    Spells: 6/7 levels left

rFire    . . .     SeeInvis .   (no weapon)
rCold    . . .     Gourm    .   (no shield)
rNeg     . . .     Faith    .   (armour unavailable)
rPois    .         Spirit   .   a - +0 hat
rElec    .         Reflect  .   (no cloak)
rCorr    .         Harm     .   (no gloves)
MR       .....                  (no boots)
Stlth    ++........             (no amulet)
HPRegen  0.06/turn              (no ring)
MPRegen  0.10/turn              (no ring)

@: no status effects
A: unfitting armour, cold-blooded, AC +4
a: no special abilities


You were on level 1 of the Dungeon.
You were not hungry.

You visited 1 branch of the dungeon, and saw 1 of its levels.

Inventory:

Armour
 a - a +0 hat (worn)
Scrolls
 b - a scroll of teleportation {unknown}
 d - a scroll of fear {unknown}
Comestibles
 c - 2 rations


   Skills:
 + Level 2.1 Dodging
 + Level 1.8 Stealth
 + Level 3.2 Spellcasting
 + Level 1.0 Conjurations
   Level 1.0 Summonings
   Level 1.0 Translocations


You had 6 spell levels left.
You knew the following spells:

 Your Spells              Type           Power        Failure   Level  Hunger
a - Magic Dart            Conj           #...         11%         1    None

Your spell library contained the following spells:

 Spells                   Type           Power        Failure   Level  Hunger
 Blink                    Tloc           N/A          16%         2    ##.....
 Call Imp                 Summ           #.......     16%         2    ##.....
 Slow                     Hex            #.......     24%         2    ##.....
 Conjure Flame            Conj/Fire      #.......     36%         3    ###....
 Mephitic Cloud           Conj/Pois/Air  #.......     38%         3    ###....


Dungeon Overview and Level Annotations

Branches:
Dungeon (1/15)

Altars:


Innate Abilities, Weirdness & Mutations

Your plain brown scales are hard. (AC +4)
You cannot fit into any form of body armour.
You are cold-blooded and may be slowed by cold attacks.


Message History

The dart slug bites you but does no damage.
You hit the dart slug but do no damage.
The dart slug is moderately wounded.
The goblin hits you with a +0 dagger.
* * * LOW HITPOINT WARNING * * *
The dart slug misses you.
You hit the dart slug.
The dart slug is heavily wounded.
The goblin hits you with a +0 dagger.
* * * LOW HITPOINT WARNING * * *
You hit the dart slug.
The dart slug is heavily wounded.
The goblin closely misses you. The dart slug closely misses you.
You hit the dart slug but do no damage.
The dart slug is heavily wounded.
The goblin misses you. The dart slug misses you.
You hit the dart slug.
The dart slug is severely wounded.
The goblin hits you with a +0 dagger.
You die...

......#..............
....[.............#..
..............##....#
.............g....#
.................)###
..............##....####
................h.......
.........####g####..#..
........##PP#@#PP## .#
.#.#...##P≈≈#w#..P## .#
#.#.###P≈≈≈#.#...P##.##
#. #P≈≈≈≈#.#....P#.. .#
#P≈≈≈≈#.#..PPP#.##..#.
#######.#######.......
'......<.....('.#
#######.#########
#PPP..#.#≈≈≈≈P#


You could see a dart slug, a jackal and a goblin.

Vanquished Creatures
  A giant cockroach (D:1)
  A hobgoblin (D:1)
  A jackal (D:1)
  3 bats (D:1)
  A rat (D:1)
7 creatures vanquished.

Notes
Turn   | Place    | Note
-------+----------+-------------------------------------------
     0 | D:1      | Scootsishere the Draconian Wizard began the quest for the
                  | Orb.
     0 | D:1      | Reached XP level 1. HP: 14/14 MP: 4/4
   284 | D:1      | Reached XP level 2. HP: 6/20 MP: 0/6
   290 | D:1      | Slain by a goblin

Levels and vault maps discovered:
D:1:      psy_arrival_terrarium, layout_rooms, minivault_26,
          serial_park_tiny_pond

Skill      XL: |  1 |
---------------+----+-----
Dodging        | 2 |  2.1
Stealth        | |  1.8
Spellcasting   | |  3.2
Conjurations   | |  1.0
Summonings     | |  1.0
Translocations | |  1.0

Action                   || total
-------------------------++-------
Melee: Unarmed           ||    24
       Tailslap          ||     4
 Cast: Magic Dart        ||    23
Armor: Skin              ||    28
Dodge: Dodged            ||    57

Table legend:
 A = Non-vault XP
 B = Vault XP
 C = Vault XP percentage of total XP
 D = Non-vault monster count
 E = Vault monster count
 F = Vault count percentage of total count
                 A         B        C        D         E       F
            +---------+---------+-------+---------+---------+-------
      Total |      12 |       0 |   0.0 |       7 |       0 |   0.0
            +---------+---------+-------+---------+---------+-------
        D:1 |      12 |       0 |   0.0 |       7 |       0 |   0.0
            +---------+---------+-------+---------+---------+-------
